General information
- name: BNet
- type: Ladder team game (AT/RT)
- host: Battle.net
- saver: MomoiroOmnio
map: TwilightRuins
- players: 8
- length: 06:19
- speed: Fast
- version: 1.26 W3XP
- replay type: Public
» download(41 KB)
Players
team 1 (loser)

»
Ne.O- (
purple | 29 APM | 182 actions | 06:19)
2 Death Knight
1 Death Coil
1 Unholy Aura
» actions
| Assign group hotkey | 2 | |
| Build / train | 16 | |
| Enter build submenu | 7 | |
| Enter hero's abilities submenu | 2 | |
| Right click | 95 | |
| Select / deselect | 49 | |
| Use ability | 11 | |
182 total
» units
| Acolyte | 2 | |
| Ghoul | 2 | |
| Crypt Fiend | 6 | |
10 total
» upgrades
» buildings
| Crypt | 1 | |
| Ziggurat | 4 | |
| Graveyard | 1 | |
| Altar of Darkness | 1 | |
| Nerubian Tower | 1 | |
| Halls of the Dead | 1 | |
9 total
» build order
00:10 Crypt
00:15 Ziggurat
00:41 Graveyard
01:02 Altar of Darkness
01:39 Ziggurat
02:01 Nerubian Tower
02:56 Ziggurat
03:40 Halls of the Dead
05:40 Ziggurat
ChIeF-BiG-BaLLz (
blue | 74 APM | 469 actions | 06:19)
2 Mountain King
1 Storm Bolt
1 Bash
» actions
| Build / train | 26 | |
| ESC pressed | 1 | |
| Enter build submenu | 13 | |
| Enter hero's abilities submenu | 2 | |
| Right click | 312 | |
| Select / deselect | 95 | |
| Use ability | 20 | |
469 total
» units
» buildings
| Barracks | 2 | |
| Altar of Kings | 1 | |
| Farm | 5 | |
| Scout Tower | 1 | |
| Lumber Mill | 1 | |
| Arcane Vault | 1 | |
| Keep | 2 | |
13 total
» build order
00:05 Barracks
00:10 Altar of Kings
00:19 Farm
00:55 Farm
01:50 Farm
02:09 Scout Tower
02:17 Lumber Mill
02:52 Barracks
03:28 Arcane Vault
03:32 Farm
04:56 Farm
05:35 Keep
05:35 Keep
» items

»
RAGINGHOM0 (
pink | 52 APM | 329 actions | 06:19)
3 Archmage
2 Summon Water Elemental
1 Brilliance Aura
» actions
| Basic commands | 28 | |
| Build / train | 28 | |
| Enter build submenu | 16 | |
| Enter hero's abilities submenu | 3 | |
| Right click | 109 | |
| Select / deselect | 122 | |
| Use ability | 23 | |
329 total
» units
» buildings
| Altar of Kings | 1 | |
| Barracks | 1 | |
| Farm | 5 | |
| Lumber Mill | 1 | |
| Town Hall | 1 | |
| Scout Tower | 3 | |
| Guard Tower | 1 | |
| Keep | 5 | |
| Arcane Vault | 1 | |
| Blacksmith | 1 | |
20 total
» build order
00:08 Altar of Kings
00:33 Barracks
00:35 Farm
00:42 Farm
02:06 Lumber Mill
02:21 Farm
03:36 Town Hall
03:41 Scout Tower
03:42 Scout Tower
03:44 Scout Tower
04:38 Farm
04:52 Guard Tower
05:38 Keep
05:38 Keep
05:38 Keep
05:50 Arcane Vault
05:55 Farm
06:07 Blacksmith
MomoiroOmnio (
green | 40 APM | 253 actions | 06:19)
1 Death Knight
1 Death Coil
» actions
| Assign group hotkey | 4 | |
| Build / train | 16 | |
| Enter build submenu | 9 | |
| Enter hero's abilities submenu | 1 | |
| Right click | 168 | |
| Select / deselect | 39 | |
| Select group hotkey | 6 | |
| Use ability | 10 | |
253 total
» units
| Acolyte | 2 | |
| Ghoul | 3 | |
| Crypt Fiend | 2 | |
7 total
» upgrades
| Creature Attack | 2 | |
| Burrow | 1 | |
| Web | 1 | |
| Creature Carapace | 1 | |
5 total
» buildings
| Ziggurat | 3 | |
| Crypt | 3 | |
| Altar of Darkness | 1 | |
| Graveyard | 1 | |
| Nerubian Tower | 1 | |
| Tomb of Relics | 1 | |
| Halls of the Dead | 1 | |
11 total
» build order
00:06 Ziggurat
00:13 Crypt
00:22 Altar of Darkness
01:22 Crypt
01:40 Graveyard
02:06 Ziggurat
02:11 Ziggurat
02:37 Nerubian Tower
03:01 Tomb of Relics
03:27 Halls of the Dead
05:11 Crypt
team 2 (winner)
NOSSZZZ (
teal | 67 APM | 423 actions | 06:19)
1 Blademaster
1 Wind Walk
» actions
| Assign group hotkey | 10 | |
| Basic commands | 5 | |
| Build / train | 21 | |
| Enter build submenu | 10 | |
| Enter hero's abilities submenu | 1 | |
| Right click | 221 | |
| Select / deselect | 115 | |
| Select group hotkey | 26 | |
| Use ability | 14 | |
423 total
» units
» upgrades
» buildings
| Altar of Storms | 1 | |
| Barracks | 1 | |
| Orc Burrow | 3 | |
| War Mill | 1 | |
| Watch Tower | 3 | |
| Stronghold | 1 | |
10 total
» build order
00:08 Altar of Storms
00:12 Barracks
00:23 Orc Burrow
01:39 Orc Burrow
01:57 War Mill
03:14 Watch Tower
03:19 Watch Tower
03:41 Watch Tower
05:04 Stronghold
06:19 Orc Burrow

»
BlackNProudDude (
red | 57 APM | 358 actions | 06:19)
1 Death Knight
1 Death Coil
» actions
| Assign group hotkey | 11 | |
| Build / train | 17 | |
| Enter build submenu | 8 | |
| Enter hero's abilities submenu | 1 | |
| Right click | 158 | |
| Select / deselect | 60 | |
| Select group hotkey | 88 | |
| Use ability | 15 | |
358 total
» units
| Acolyte | 3 | |
| Ghoul | 2 | |
| Crypt Fiend | 5 | |
10 total
» buildings
| Graveyard | 1 | |
| Crypt | 1 | |
| Ziggurat | 3 | |
| Altar of Darkness | 1 | |
| Tomb of Relics | 1 | |
| Nerubian Tower | 1 | |
| Spirit Tower | 1 | |
| Halls of the Dead | 1 | |
10 total
» build order
00:06 Graveyard
00:07 Crypt
00:37 Ziggurat
00:55 Altar of Darkness
01:36 Ziggurat
02:02 Tomb of Relics
04:08 Nerubian Tower
04:10 Spirit Tower
05:04 Ziggurat
05:35 Halls of the Dead
» items

»
Evertone (
yellow | 47 APM | 299 actions | 06:19)
2 Demon Hunter
1 Evasion
1 Mana Burn
» actions
| Assign group hotkey | 6 | |
| Build / train | 27 | |
| Enter build submenu | 10 | |
| Enter hero's abilities submenu | 2 | |
| Remove unit from queue | 1 | |
| Right click | 166 | |
| Select / deselect | 63 | |
| Select group hotkey | 9 | |
| Use ability | 15 | |
299 total
» units
» upgrades
| Strength of the Wild | 1 | |
| Reinforced Hides | 1 | |
2 total
» buildings
| Altar of Elders | 1 | |
| Moon Well | 5 | |
| Ancient of War | 1 | |
| Tree of Ages | 1 | |
| Hunter's Hall | 1 | |
| Ancient of Wind | 1 | |
| Tree of Eternity | 1 | |
11 total
» build order
00:09 Altar of Elders
00:21 Moon Well
00:38 Ancient of War
01:53 Moon Well
02:54 Tree of Ages
04:02 Hunter's Hall
04:13 Moon Well
04:16 Moon Well
05:42 Ancient of Wind
06:05 Tree of Eternity
06:12 Moon Well
REDSAC0CKSUCKER (
orange | 28 APM | 179 actions | 06:19)
1 Blademaster
1 Wind Walk
» actions
| Assign group hotkey | 3 | |
| Build / train | 20 | |
| Enter build submenu | 9 | |
| Enter hero's abilities submenu | 1 | |
| Right click | 55 | |
| Select / deselect | 43 | |
| Select group hotkey | 33 | |
| Use ability | 15 | |
179 total
» units
| Peon | 8 | |
| Grunt | 4 | |
| Goblin Shredder | 1 | |
13 total
» upgrades
» buildings
| Orc Burrow | 3 | |
| War Mill | 1 | |
| Altar of Storms | 1 | |
| Barracks | 1 | |
| Voodoo Lounge | 1 | |
| Stronghold | 1 | |
| Great Hall | 1 | |
9 total
» build order
00:26 Orc Burrow
00:41 War Mill
00:55 Altar of Storms
01:10 Barracks
01:52 Orc Burrow
02:16 Voodoo Lounge
04:24 Stronghold
05:03 Great Hall
05:21 Orc Burrow
» items
| Scroll of Speed | 1 | |
| Healing Salve | 2 | |
3 total
Chat log
(00:49 / Allies) RAGINGHOM0: ?
(00:51 / Allies) MomoiroOmnio: mass fiends for me
(00:53 / Allies) ChIeF-BiG-BaLLz: hes mine
(00:55 / Allies) MomoiroOmnio: and dk max aura
(01:18 / Allies) RAGINGHOM0: caster mort tank
(03:24 / Allies) MomoiroOmnio: gj
(03:58 / Allies) MomoiroOmnio: oh wow
(04:09 / Allies) ChIeF-BiG-BaLLz: he hacks
(04:18 / Allies) RAGINGHOM0: who does?
(04:28 / Allies) MomoiroOmnio: I don't even think I can even play this game anymore...
(04:38 / Allies) MomoiroOmnio: my motivation is just empty...
(04:46 / Allies) RAGINGHOM0: ...
(04:51 / Allies) MomoiroOmnio: of this game...
(05:20 / Allies) MomoiroOmnio: I'm going to leave
(05:22 / Allies) MomoiroOmnio: sorry
(05:26 / Allies) Ne.O-: ;;
(05:28 / Allies) MomoiroOmnio: I made a third crypt
(05:30 / Allies) RAGINGHOM0: wtf dued
(05:33 / Allies) RAGINGHOM0: dont
(05:34 / Allies) MomoiroOmnio: for the extra gold spending
(05:43 / Allies) RAGINGHOM0: stay dude were fine
(05:56 / Allies) MomoiroOmnio: I can't play like I used to anymore
(06:01 / Allies) RAGINGHOM0: who cares
(06:08 / Allies) MomoiroOmnio: I really even wonder what I eve...
(06:12 / Allies) MomoiroOmnio: bye